 Dungeon Crawl Stone Soup version 0.22-a0-515-g75794bf (webtiles) character file.

177 inc the Chiller (level 5, 0/31 HPs)
             Began as an Octopode Ice Elementalist on June 19, 2018.
             Slain by a bullfrog skeleton (2 damage)
             ... on level 4 of the Dungeon.
             The game lasted 00:04:46 (3446 turns).

inc the Chiller (Octopode Ice Elementalist)         Turns: 3446, Time: 00:04:47

Health: 0/31       AC:  1    Str:  7    XL:     5   Next: 57%
Magic:  4/8        EV: 13    Int: 19    God:
Gold:   81         SH:  0    Dex: 12    Spells: 7/8 levels left

rFire    . . .     SeeInvis .   (no weapon)
rCold    . . .     Gourm    .   (no shield)
rNeg     . . .     Faith    .   (helmet restricted)
rPois    .         Spirit   .   (no amulet)
rElec    .         Reflect  .   (no ring)
rCorr    .         Harm     .   (no ring)
MR       .....                  (no ring)
Stlth    +++.......             (no ring)
HPRegen  0.10/turn              (no ring)
MPRegen  0.11/turn              (no ring)
                                (no ring)
                                (no ring)

@: no status effects
A: almost no armour, stealthy swim, amphibious, 8 rings, constrict 8, camouflage
1, gelatinous body 1
a: no special abilities


You were on level 4 of the Dungeon.
You were hungry.

You visited 1 branch of the dungeon, and saw 4 of its levels.

You collected 81 gold pieces.

Inventory:

Scrolls
 a - 5 scrolls of identify {unknown}
 c - a scroll of immolation {unknown}
 f - 2 scrolls of enchant weapon {unknown}
 g - 2 scrolls of amnesia {unknown}
Potions
 e - a potion of ambrosia {unknown}
 h - a potion of agility {unknown}
Comestibles
 b - 6 rations


   Skills:
 - Level 2.0 Dodging
 - Level 2.6 Stealth
 - Level 2.0 Spellcasting
   Level 1.0 Conjurations
 + Level 6.1 Ice Magic


You had 7 spell levels left.
You knew the following spells:

 Your Spells              Type           Power        Failure   Level  Hunger
a - Freeze                Ice            ####         1%          1    #......

Your spell library contained the following spells:

 Spells                   Type           Power        Failure   Level  Hunger
 Throw Frost              Conj/Ice       ###...       6%          2    ###....
 Summon Ice Beast         Ice/Summ       ##......     43%         4    #####..
 Ozocubu's Armour         Chrm/Ice       ##......     14%         3    ###....
 Throw Icicle             Conj/Ice       ###.....     36%         4    #####..


Dungeon Overview and Level Annotations

Branches:
Dungeon (4/15)
 Temple: D:4-7

Altars:
Uskayaw
Vehumet


Innate Abilities, Weirdness & Mutations

You cannot wear most types of armour.
You are very stealthy in the water. (Stealth+)
You are amphibious.
You can wear up to eight rings at the same time.
You can use your tentacles to constrict eight enemies at once.
Your skin changes colour to match your surroundings (Stealth+).
Your rubbery body absorbs attacks. (AC +1, EV +1)


Message History

You tentacle-slap the bullfrog skeleton.
The bullfrog skeleton is heavily damaged.
You constrict the bullfrog skeleton.
The howler monkey hoots and howls with incredible vigour!
The bullfrog skeleton hits you!
* * * LOW HITPOINT WARNING * * *
Unknown command.
You release your grip on the bullfrog skeleton.
The howler monkey hoots and howls with incredible vigour!
The bullfrog skeleton barely misses you.
You tentacle-slap the bullfrog skeleton.
Your grab misses the bullfrog skeleton.
The bullfrog skeleton is severely damaged.
The bullfrog skeleton barely misses you.
Unknown command.
You tentacle-slap the bullfrog skeleton.
You grab the bullfrog skeleton.
The bullfrog skeleton is severely damaged.
You constrict the bullfrog skeleton. The bullfrog skeleton hits you.
You die...

#.# .# #.# ####.#
#.# ##....# #.#
#.$...####
#<####.........
#.......?h..#####
###..............
#.###.......#
#...@Z......#
#$###...†...# #.#
##......# #.#
##...#.... #.#
##.## ### #. .#
.. ###


You could see a howler monkey and a bullfrog skeleton.

Vanquished Creatures
  A howler monkey (D:4)
  Terence (D:2)
  2 adders (D:2)
  4 oozes
  4 dart slugs (D:1)
  2 leopard geckos (D:1)
  3 bats
  2 giant cockroaches
  4 goblins
  5 hobgoblins
  18 jackals
  8 kobolds
  3 quokkas (D:2)
  2 ball pythons (D:1)
  A frilled lizard (D:3)
  3 rats
63 creatures vanquished.

Notes
Turn   | Place    | Note
-------+----------+-------------------------------------------
     0 | D:1      | inc the Octopode Ice Elementalist began the quest for the Orb.
     0 | D:1      | Reached XP level 1. HP: 11/11 MP: 3/3
   411 | D:1      | Reached XP level 2. HP: 14/17 MP: 1/5
  1008 | D:1      | Reached skill level 4 in Ice Magic
  1157 | D:1      | Reached XP level 3. HP: 19/21 MP: 3/6
  1234 | D:1      | Found a radiant altar of Vehumet.
  2216 | D:2      | Reached XP level 4. HP: 18/27 MP: 4/7
  2390 | D:2      | Found a hide-covered altar of Uskayaw.
  2519 | D:2      | Reached skill level 5 in Ice Magic
  2905 | D:2      | Noticed Terence
  2909 | D:2      | Killed Terence
  2909 | D:2      | Reached XP level 5. HP: 23/31 MP: 5/8
  3433 | D:4      | Reached skill level 6 in Ice Magic
  3446 | D:4      | Slain by a bullfrog skeleton

Vault maps used:
D:1:      dpeg_arrival_pits, kennysheep_flooded_box, kennysheep_another_room
D:2:      old_standard_altar, uniq_terence
D:3:      kb_forest_paths, lemuel_coloured_pillars_altar, vehumet_crystals
D:4:      cheibrodos_thug_alley, dk_xom_monty_hall

Skill      XL: |  1  2  3  4  5 |
---------------+----------------+-----
Ice Magic      | 4 5 6 |  6.1
Dodging        | |  2.0
Stealth        | |  2.6
Spellcasting   | |  2.0
Conjurations   | |  1.0

Action                   |  1- 3 |  4- 6 || total
-------------------------+-------+-------++-------
Melee: Unarmed           |    41 |    16 ||    57
       Constrict         |    11 |     7 ||    18
       Tentacles         |     7 |     4 ||    11
 Cast: Freeze            |    38 |    48 ||    86
 Stab: Sleeping          |     7 |     4 ||    11
  Eat: Chunk             |     4 |     4 ||     8
Armor: Skin              |     3 |    10 ||    13
Dodge: Dodged            |    36 |    42 ||    78

Table legend:
 A = Spawn XP
 B = Non-spawn XP
 C = Spawn XP percentage of total XP
 D = Spawn monster count
 E = Non-spawn monster count
 F = Spawn count percentage of total count
 G = Total turns spent on level
                    A         B        C        D         E        F      G
               +---------+---------+-------+---------+---------+-------+---------
         Total |       0 |     253 |   0.0 |       0 |      63 |   0.0 |  3446
               +---------+---------+-------+---------+---------+-------+---------
           D:1 |       0 |      75 |   0.0 |       0 |      33 |   0.0 |  2286
           D:2 |       0 |     112 |   0.0 |       0 |      25 |   0.0 |   927
           D:3 |       0 |       2 |   0.0 |       0 |       2 |   0.0 |    44
           D:4 |       0 |      64 |   0.0 |       0 |       3 |   0.0 |   189
               +---------+---------+-------+---------+---------+-------+---------
